[ AOE2 MATCH · #505602048 ]
UnrankedPersians vs Persians
Player's team · LOSS
Rival team · WIN
[ REPLAY ANALYSIS · EXTRACTED FROM THE RECORDED GAME ]
Feudal
8:35
Castle
24:08
Imperial
42:28
| APM avg | 64.4 |
| APM peak | 109 |
| eAPM avg | 32.7 |
| Villagers / military | 107 / 124 |
Focus
⚔️ 27.4% · 🌾 72.6%
Spearman ×49 · Knight ×39 · Monk ×19 · Mangonel ×8 · Scout Cavalry ×5 · Trebuchet (Packed) ×3
Feudal
11:50
Castle
21:34
Imperial
42:16
| APM avg | 68.0 |
| APM peak | 140 |
| eAPM avg | 35.4 |
| Villagers / military | 205 / 127 |
Focus
⚔️ 39.7% · 🌾 60.3%
Cavalry Archer ×36 · Camel Scout ×33 · Scout Cavalry ×17 · Archer ×13 · Monk ×8 · Mangonel ×7
Match map
Initial resources + every placement click. Lines = walls · curves = elevation contours. ◆ gold · ⬟ stone · ● berries · ✦ relic · ◌ wall gap
Your base· Open — unwalled flank
suny619's base· Open — 6t gap
Smoothed initial terrain · ◌ = detected wall gap · hover for details
Inputs per minute
— FC_M@sTer - - suny619
Build order — FC_M@sTer
First 150 of 426 actions detected
| 0:01 | Queue | Villager (Male) |
| 0:01 | Queue | Villager (Male) |
| 0:01 | Queue | Villager (Male) |
| 0:02 | Queue | Villager (Male) |
| 0:02 | Build | House |
| 0:03 | Queue | Villager (Male) |
| 0:03 | Queue | Villager (Male) |
| 0:04 | Build | House |
| 1:20 | Queue | Villager (Male) |
| 1:21 | Queue | Villager (Male) |
| 1:41 | Build | Lumber Camp |
| 2:05 | Queue | Villager (Male) |
| 2:05 | Queue | Villager (Male) |
| 2:12 | Queue | Villager (Male) |
| 2:46 | Queue | Villager (Male) |
| 2:47 | Queue | Villager (Male) |
| 3:08 | Queue | Villager (Male) |
| 3:08 | Queue | Villager (Male) |
| 3:59 | Queue | Villager (Male) |
| 3:59 | Queue | Villager (Male) |
| 4:09 | Build | Mill |
| 4:15 | Build | House |
| 4:17 | Research | Loom |
| 4:43 | Queue | Villager (Male) |
| 4:43 | Queue | Villager (Male) |
| 4:43 | Queue | Villager (Male) |
| 4:43 | Queue | Villager (Male) |
| 4:44 | Queue | Villager (Male) |
| 4:44 | Queue | Villager (Male) |
| 4:45 | Queue | Villager (Male) |
| 5:01 | Queue | Villager (Male) |
| 5:01 | Queue | Villager (Male) |
| 6:11 | Build | House |
| 6:31 | Research | Feudal Age |
| 6:32 | Research | Feudal Age |
| 6:43 | Build | House |
| 6:45 | Build | Palisade Wall |
| 6:51 | Build | Palisade Wall |
| 7:24 | Build | House |
| 7:27 | Build | Palisade Wall |
| 7:31 | Build | Palisade Gate |
| 7:58 | Build | Barracks |
| 8:35 | Age | Feudal Age |
| 8:38 | Queue | Villager (Male) |
| 8:39 | Queue | Villager (Male) |
| 8:43 | Queue | Militia |
| 8:56 | Build | Farm |
| 9:00 | Build | Palisade Gate |
| 9:14 | Queue | Villager (Male) |
| 9:15 | Queue | Villager (Male) |
| 9:35 | Build | House |
| 9:40 | Queue | Villager (Male) |
| 9:52 | Build | Stable |
| 10:12 | Build | Farm |
| 10:12 | Queue | Villager (Male) |
| 10:35 | Build | House |
| 10:43 | Build | Lumber Camp |
| 10:53 | Build | Palisade Wall |
| 10:54 | Build | Palisade Wall |
| 11:03 | Queue | Villager (Male) |
| 11:17 | Queue | Scout Cavalry |
| 11:17 | Queue | Scout Cavalry |
| 11:26 | Queue | Villager (Male) |
| 11:27 | Queue | Villager (Male) |
| 11:38 | Build | Palisade Wall |
| 11:47 | Build | Farm |
| 11:55 | Build | Farm |
| 11:56 | Queue | Villager (Male) |
| 12:16 | Build | Farm |
| 12:17 | Queue | Villager (Male) |
| 12:23 | Queue | Spearman |
| 12:26 | Build | Farm |
| 12:45 | Queue | Villager (Male) |
| 12:46 | Build | Farm |
| 12:56 | Build | Farm |
| 13:10 | Queue | Scout Cavalry |
| 13:22 | Build | Palisade Gate |
| 13:37 | Queue | Scout Cavalry |
| 14:04 | Queue | Scout Cavalry |
| 14:05 | Queue | Spearman |
| 14:12 | Build | Mining Camp |
| 14:14 | Queue | Villager (Male) |
| 14:26 | Build | Farm |
| 14:32 | Build | Farm |
| 14:34 | Build | Farm |
| 14:54 | Build | Farm |
| 14:55 | Queue | Villager (Male) |
| 15:08 | Queue | Villager (Male) |
| 15:09 | Queue | Spearman |
| 15:25 | Build | Farm |
| 15:38 | Queue | Villager (Male) |
| 15:48 | Build | Blacksmith |
| 15:50 | Queue | Spearman |
| 15:51 | Build | Farm |
| 16:28 | Build | Mining Camp |
| 16:30 | Queue | Villager (Male) |
| 16:32 | Build | Farm |
| 16:42 | Queue | Villager (Male) |
| 16:56 | Build | House |
| 17:02 | Build | Farm |
| 17:03 | Queue | Villager (Male) |
| 17:03 | Queue | Villager (Male) |
| 17:13 | Build | House |
| 17:14 | Build | Palisade Wall |
| 17:19 | Queue | Villager (Male) |
| 17:31 | Build | Farm |
| 17:31 | Queue | Villager (Male) |
| 17:44 | Queue | Spearman |
| 17:46 | Build | Farm |
| 18:09 | Build | Watch Tower |
| 19:05 | Queue | Villager (Male) |
| 19:05 | Queue | Villager (Male) |
| 19:16 | Build | Watch Tower |
| 19:25 | Build | House |
| 19:26 | Build | House |
| 19:27 | Queue | Villager (Male) |
| 19:27 | Queue | Villager (Male) |
| 19:31 | Research | Double-Bit Axe |
| 19:31 | Research | Double-Bit Axe |
| 19:31 | Research | Double-Bit Axe |
| 19:41 | Build | House |
| 19:46 | Research | Fletching |
| 19:46 | Research | Fletching |
| 19:59 | Build | House |
| 20:06 | Build | Palisade Wall |
| 20:17 | Build | Market |
| 20:24 | Build | Farm |
| 20:42 | Research | Town Watch |
| 20:43 | Research | Town Watch |
| 20:46 | Build | Farm |
| 21:25 | Build | Watch Tower |
| 21:42 | Research | Castle Age |
| 21:43 | Research | Castle Age |
| 21:50 | Build | House |
| 22:11 | Build | House |
| 22:39 | Build | Watch Tower |
| 22:48 | Build | Stable |
| 22:52 | Research | Gold Mining |
| 22:52 | Research | Gold Mining |
| 23:12 | Build | House |
| 23:55 | Research | Bloodlines |
| 23:55 | Research | Bloodlines |
| 23:57 | Build | Palisade Wall |
| 23:59 | Build | Palisade Wall |
| 24:03 | Build | Palisade Wall |
| 24:08 | Age | Castle Age |
| 24:08 | Research | Man-at-Arms (upgrade) |
| 24:11 | Build | Palisade Gate |
| 24:14 | Build | Palisade Gate |
| 24:16 | Queue | Knight |
Build order — suny619
First 150 of 573 actions detected
| 0:01 | Queue | Villager (Male) |
| 0:02 | Build | House |
| 0:04 | Build | Barracks |
| 0:10 | Queue | Villager (Male) |
| 0:10 | Queue | Villager (Male) |
| 0:23 | Build | House |
| 0:35 | Queue | Villager (Male) |
| 0:38 | Queue | Villager (Male) |
| 1:32 | Queue | Villager (Male) |
| 2:12 | Queue | Villager (Male) |
| 2:22 | Queue | Villager (Male) |
| 2:35 | Build | House |
| 2:47 | Queue | Militia |
| 2:47 | Queue | Militia |
| 3:11 | Queue | Militia |
| 3:11 | Queue | Militia |
| 3:19 | Queue | Villager (Male) |
| 3:19 | Queue | Villager (Male) |
| 3:19 | Queue | Villager (Male) |
| 3:48 | Queue | Villager (Male) |
| 3:48 | Queue | Villager (Male) |
| 4:17 | Queue | Villager (Male) |
| 4:26 | Queue | Villager (Male) |
| 4:26 | Queue | Villager (Male) |
| 4:28 | Build | Lumber Camp |
| 5:05 | Queue | Militia |
| 5:18 | Queue | Villager (Male) |
| 5:18 | Queue | Villager (Male) |
| 5:18 | Queue | Villager (Male) |
| 5:45 | Build | House |
| 5:46 | Build | House |
| 6:00 | Queue | Villager (Male) |
| 6:01 | Queue | Villager (Male) |
| 6:31 | Queue | Villager (Male) |
| 7:04 | Queue | Villager (Male) |
| 7:33 | Queue | Villager (Male) |
| 7:38 | Queue | Villager (Male) |
| 7:43 | Build | Mill |
| 7:44 | Queue | Villager (Male) |
| 8:03 | Queue | Villager (Male) |
| 8:22 | Build | House |
| 8:34 | Queue | Villager (Male) |
| 8:37 | Queue | Villager (Male) |
| 9:06 | Queue | Villager (Male) |
| 9:41 | Research | Feudal Age |
| 9:41 | Research | Feudal Age |
| 10:01 | Build | House |
| 10:36 | Build | Barracks |
| 11:20 | Queue | Villager (Male) |
| 11:26 | Build | Mining Camp |
| 11:45 | Build | Palisade Wall |
| 11:50 | Age | Feudal Age |
| 11:52 | Build | Palisade Wall |
| 11:56 | Build | Stable |
| 12:08 | Research | Man-at-Arms (upgrade) |
| 12:09 | Queue | Villager (Male) |
| 12:10 | Queue | Villager (Male) |
| 12:23 | Research | Double-Bit Axe |
| 12:25 | Queue | Villager (Male) |
| 12:37 | Queue | Spearman |
| 12:40 | Queue | Scout Cavalry |
| 12:40 | Queue | Scout Cavalry |
| 12:41 | Queue | Scout Cavalry |
| 13:22 | Queue | Villager (Male) |
| 13:22 | Queue | Villager (Male) |
| 13:24 | Build | Farm |
| 13:25 | Build | Farm |
| 13:28 | Build | Farm |
| 13:29 | Build | Farm |
| 13:42 | Build | Farm |
| 13:55 | Queue | Villager (Male) |
| 13:56 | Queue | Villager (Male) |
| 14:02 | Build | Watch Tower |
| 14:05 | Queue | Villager (Male) |
| 14:18 | Queue | Villager (Male) |
| 14:23 | Build | Farm |
| 14:24 | Build | Farm |
| 14:25 | Queue | Villager (Male) |
| 15:09 | Queue | Villager (Male) |
| 15:09 | Queue | Villager (Male) |
| 15:09 | Queue | Villager (Male) |
| 15:30 | Queue | Villager (Male) |
| 15:31 | Queue | Villager (Male) |
| 15:41 | Queue | Villager (Male) |
| 15:42 | Build | House |
| 15:43 | Build | House |
| 15:44 | Build | House |
| 15:47 | Research | Loom |
| 15:48 | Research | Town Watch |
| 16:08 | Build | Palisade Wall |
| 16:13 | Build | House |
| 16:15 | Build | Palisade Wall |
| 16:16 | Queue | Villager (Male) |
| 16:18 | Build | Palisade Wall |
| 16:27 | Queue | Spearman |
| 16:30 | Build | Palisade Wall |
| 16:34 | Build | Palisade Wall |
| 16:38 | Build | Mill |
| 16:42 | Build | Palisade Wall |
| 16:46 | Queue | Villager (Male) |
| 16:54 | Queue | Villager (Male) |
| 16:56 | Build | Market |
| 16:58 | Queue | Villager (Male) |
| 17:04 | Build | Palisade Wall |
| 17:18 | Queue | Villager (Male) |
| 17:20 | Build | Farm |
| 17:21 | Build | Farm |
| 17:40 | Queue | Villager (Male) |
| 17:56 | Queue | Villager (Male) |
| 18:20 | Queue | Villager (Male) |
| 18:25 | Build | Farm |
| 18:26 | Build | Farm |
| 18:27 | Build | Farm |
| 18:28 | Build | Farm |
| 18:29 | Queue | Villager (Male) |
| 18:47 | Queue | Villager (Male) |
| 19:04 | Queue | Villager (Male) |
| 19:08 | Research | Castle Age |
| 19:17 | Build | Archery Range |
| 19:21 | Queue | Villager (Male) |
| 19:35 | Queue | Scout Cavalry |
| 19:36 | Queue | Scout Cavalry |
| 19:36 | Queue | Scout Cavalry |
| 19:44 | Build | Blacksmith |
| 19:46 | Queue | Villager (Male) |
| 19:48 | Build | Palisade Wall |
| 20:05 | Queue | Archer |
| 20:05 | Queue | Archer |
| 20:05 | Queue | Archer |
| 20:09 | Build | Mining Camp |
| 20:22 | Research | Horse Collar |
| 20:26 | Build | House |
| 20:38 | Build | House |
| 20:41 | Build | Palisade Wall |
| 20:44 | Build | Palisade Wall |
| 20:48 | Queue | Villager (Male) |
| 20:52 | Research | Gold Mining |
| 20:59 | Queue | Archer |
| 20:59 | Queue | Archer |
| 21:01 | Queue | Villager (Male) |
| 21:13 | Build | House |
| 21:15 | Build | Palisade Wall |
| 21:18 | Queue | Villager (Male) |
| 21:29 | Queue | Scout Cavalry |
| 21:29 | Queue | Scout Cavalry |
| 21:34 | Age | Castle Age |
| 21:39 | Build | Watch Tower |
| 21:45 | Research | Fletching |
| 21:45 | Research | Fletching |
| 22:13 | Queue | Archer |
Match timeline
| 0:04 | suny619 · first_building Barracks |
| 6:45 | FC_M@sTer · wall_segment Palisade Wall x1 |
| 6:51 | FC_M@sTer · wall_segment Palisade Wall x1 |
| 7:27 | FC_M@sTer · wall_segment Palisade Wall x1 |
| 7:58 | FC_M@sTer · first_building Barracks |
| 8:35 | FC_M@sTer · age_up feudal |
| 9:52 | FC_M@sTer · first_building Stable |
| 10:53 | FC_M@sTer · wall_segment Palisade Wall x1 |
| 10:54 | FC_M@sTer · wall_segment Palisade Wall x1 |
| 11:38 | FC_M@sTer · wall_segment Palisade Wall x1 |
| 11:45 | suny619 · wall_segment Palisade Wall x4 |
| 11:50 | suny619 · age_up feudal |
| 11:52 | suny619 · wall_segment Palisade Wall x7 |
| 11:56 | suny619 · first_building Stable |
| 16:08 | suny619 · wall_segment Palisade Wall x2 |
| 16:15 | suny619 · wall_segment Palisade Wall x1 |
| 16:18 | suny619 · wall_segment Palisade Wall x1 |
| 16:30 | suny619 · wall_segment Palisade Wall x6 |
| 16:34 | suny619 · wall_segment Palisade Wall x2 |
| 16:42 | suny619 · wall_segment Palisade Wall x2 |
| 17:04 | suny619 · wall_segment Palisade Wall x1 |
| 17:14 | FC_M@sTer · wall_segment Palisade Wall x1 |
| 17:45 | suny619 · first_market_buy 500 food |
| 17:47 | suny619 · first_market_sell 500 wood |
| 19:17 | suny619 · first_building Archery Range |
| 19:48 | suny619 · wall_segment Palisade Wall x4 |
| 20:06 | FC_M@sTer · wall_segment Palisade Wall x5 |
| 20:41 | suny619 · wall_segment Palisade Wall x2 |
| 20:44 | suny619 · wall_segment Palisade Wall x3 |
| 21:15 | suny619 · wall_segment Palisade Wall x4 |
| 21:34 | suny619 · age_up castle |
| 21:34 | FC_M@sTer · first_market_buy 100 food |
| 21:40 | FC_M@sTer · first_market_sell 100 wood |
| 22:38 | suny619 · first_building Siege Workshop |
| 23:57 | FC_M@sTer · wall_segment Palisade Wall x1 |
| 23:59 | FC_M@sTer · wall_segment Palisade Wall x1 |
| 24:03 | FC_M@sTer · wall_segment Palisade Wall x1 |
| 24:08 | FC_M@sTer · age_up castle |
| 25:40 | FC_M@sTer · first_building Monastery |
| 26:03 | suny619 · first_building Monastery |
| 31:24 | FC_M@sTer · first_building Siege Workshop |
| 37:12 | suny619 · first_building Castle |
| 38:10 | FC_M@sTer · first_building Castle |
| 42:16 | suny619 · age_up imperial |
| 42:28 | FC_M@sTer · age_up imperial |
| 55:04 | FC_M@sTer · resign |
[ AI ANALYSIS · 1 CREDIT ]
What really happened in this match?
Wolo.gg analyzes every decision: build order, eco, micro, common mistakes by bracket. Personalized analysis on WhatsApp or Discord in 30 seconds.
Civ guide
Persians
Perfil
Jugador #9750433